Workbook

Sheet CU AC Rate Design
G1: BHP-11 Page 1 Date: September 30, 2018
A3: Joint Tariff Rates
A4: Common Use AC Facilities
A6: Allocation of the Revenue Credits to the Common Use AC Facilities:
A8: 1 | B8: Revenue Credits - Non-Firm transmission revenue | H8: 464484.58 | I8: Amount based on actual calendar year 2017
D10: =+B20 -> Entity | F10: Components of the Annual Rate (lines 6-8) | G10: % | H10: Allocated Revenue Credits
A12: 2 | D12: Black Hills | F12: =+L22 -> 23.74723 | G12: =+F12/F$15 -> 0.55519894 | H12: =+H$8*G12 -> 257881.35
A13: 3 | D13: Basin Electric | F13: =+L23 -> 16.85388 | G13: =+F13/F$15 -> 0.39403569 | H13: =+H$8*G13 -> 183023.5
A14: 4 | D14: PRECorp | F14: =+L24 -> 2.1713602 | G14: =+F14/F$15 -> 0.050765368 | H14: =+H$8*G14 -> 23579.731
A15: 5 | D15: Total | F15: =SUM(F12:F14) -> 42.772471 | G15: =+F15/F$15 -> 1 | H15: =SUM(H12:H14) -> 464484.58
A18: Common Use AC Facilities Rates: | E18: FOR RATES EFFECTIVE JANUARY 1, 2019
B20: Entity | D20: Component Annual Revenue Requirements | E20: Allocated Revenue Credits (lines 2-4) | F20: Net Revenue Requirements | G20: Projected 2019 Load | H20: Annual Rate
M21: Note: to address the circular reference
A22: 6 | B22: =+D12 -> Black Hills | D22: =Estimate!J122 -> 23216733 | E22: =-H12 -> -257881.35 | F22: =+E22+D22 -> 22958852 | G22: =+'WP7 CU AC LOADS'!J44*1000 -> 967083.33 | H22: =+F22/G22 -> 23.740304 | J22: Circular Reference | L22: 23.74723 | M22: copy and paste values from cells H22:H24
A23: 7 | B23: =+D13 -> Basin Electric | D23: 16482130 | E23: =-H13 -> -183023.5 | F23: =+E23+D23 -> 16299106 | G23: =+G22 -> 967083.33 | H23: =+F23/G23 -> 16.85388 | J23: Circular Reference | L23: 16.85388 | M23: to L22:L24 until the rates in H22:H24 no
A24: 8 | B24: =+D14 -> PRECorp | D24: 2123466 | E24: =-H14 -> -23579.731 | F24: =+E24+D24 -> 2099886.3 | G24: =+G23 -> 967083.33 | H24: =+F24/G24 -> 2.1713602 | J24: Circular Reference | L24: 2.1713602 | M24: longer change.
A25: 9 | B25: Total | D25: =SUM(D22:D24) -> 41822329 | E25: =SUM(E22:E24) -> -464484.58 | F25: =SUM(F22:F24) -> 41357845 | H25: =SUM(H22:H24) -> 42.765544
A27: Rates:
A28: 10 | D28: Annual | F28: =+H25 -> 42.765544 | G28: /kW-year | H28: =F28*1000 -> 42765.544 | I28: MW-year
A29: =+A28+1 -> 11 | D29: Monthly | F29: =ROUND(F28/12,2) -> 3.56 | G29: /kW-month | H29: =F29*1000 -> 3560 | I29: MW-year
A30: =+A29+1 -> 12 | D30: Weekly | F30: =ROUND(F28/52,2) -> 0.82 | G30: /kW-week | H30: =F30*1000 -> 820 | I30: MW-year
A31: =+A30+1 -> 13 | D31: Daily On-Peak | E31: 6 days/week | F31: =+F30/6 -> 0.13666667 | G31: /kW-day | H31: =F31*1000 -> 136.66667 | I31: MW-year
A32: =+A31+1 -> 14 | D32: Daily Off-Peak | E32: 7 days/week | F32: =+F30/7 -> 0.11714286 | G32: /kW-day | H32: =F32*1000 -> 117.14286 | I32: MW-year
A33: =+A32+1 -> 15 | D33: Hourly On-Peak | E33: 16 hours/day | F33: =+F31/16 -> 0.0085416667 | G33: /kW-hour | H33: =F33*1000 -> 8.5416667 | I33: MW-year
A34: =+A33+1 -> 16 | D34: Hourly Off-Peak | E34: 24 hours/day | F34: =+F32/24 -> 0.0048809524 | G34: /kW-hour | H34: =F34*1000 -> 4.8809524 | I34: MW-year
A40: Check:
B42: =+D20 -> Component Annual Revenue Requirements | E42: =+D25 -> 41822329
B43: Revenue Credits | E43: =+E25 -> -464484.58
B44: =+F20 -> Net Revenue Requirements | E44: =+F25 -> 41357845
B45: =+G20 -> Projected 2019 Load | E45: =+G22 -> 967083.33
B46: =+H20 -> Annual Rate | E46: =+E44/E45 -> 42.765544

Sheet Estimate
I1: Date | J1: 43373
I2: Service Year | J2: 2019
A4: Cost of Service
A5: Utilizing FERC Form 1 Data
A7: Black Hills Power, Inc.
C9: (1) | D9: (2) | E9: (3) | H9: (4) | J9: (5)
D10: Form No. 1 | G10: Allocator | J10: Transmission
A11: Line | D11: Page, Line, Col. | E11: Company Total | G11: (page 4) | J11: (Col 3 times Col 4)
A12: No. | C12: RATE BASE:
C14: GROSS PLANT IN SERVICE | D14: (Note H)
A15: 1 | C15: Production | D15: 205.46.g | E15: =+'WP6 Rate Base'!Q15 -> 5.9086169e+08 | G15: NA
A16: 2 | C16: Transmission | D16: 207.58.g | E16: =+'WP6 Rate Base'!Q16 -> 184727230 | G16: TP | H16: =+J144 -> 0.891077 | J16: =+H16*E16 -> 1.6460619e+08
A17: 3 | C17: New Construction CUS Assets | D17: See Workpaper 2 (line 9) | E17: ='BHP WP2 Capital Additions'!F20 -> 24337697 | G17: TP | H17: =H16 -> 0.891077 | J17: =+H17*E17 -> 21686762
A18: 4 | C18: New Construction CUS Assets | D18: See Workpaper 3 (line 19 col D) | E18: ='BHP WP3 Capital Additions'!F23 -> 7000085.7 | G18: TP | H18: =H17 -> 0.891077 | J18: =+H18*E18 -> 6237615.4
A19: 5 | C19: Distribution | D19: 207.75.g | E19: =+'WP6 Rate Base'!Q17 -> 376277440 | G19: NA
A20: 6 | C20: General & Intangible | D20: See Workpaper 4 (line 5 col 1) | E20: =+'WP6 Rate Base'!Q18 -> 44141667 | G20: W/S | H20: =J176 -> 0.12817543 | J20: =+H20*E20 -> 5657877.2
A21: 7 | C21: Allocated Plant | D21: See Workpaper 5 (line 5) | E21: =+'WP6 Rate Base'!Q19 -> 31425946 | G21: W/S | H21: =+H20 -> 0.12817543 | J21: =+H21*E21 -> 4028034.1
A22: 8 | C22: Communication System | D22: 207.94g | E22: =+'WP6 Rate Base'!Q20 -> 7058966.9 | G22: T&D | H22: =+J181 -> 0.36202519 | J22: =+H22*E22 -> 2555523.8
A23: 9 | C23: Common | D23: 356.1 | E23: =+'WP6 Rate Base'!Q21 -> 0 | G23: CE | H23: 0 | J23: =+H23*E23 -> 0
A24: 10 | C24: TOTAL GROSS PLANT | D24: ="(sum lines "&A15&" - "&A23&")" -> (sum lines 1 - 9) | E24: =SUM(E15:E23) -> 1.2658307e+09 | G24: GP= | H24: =IF(E24>0,+J24/E24,0) -> 0.16176886 | J24: =SUM(J15:J23) -> 2.04772e+08
A25: 11
A26: 12 | C26: ACCUMULATED DEPRECIATION
A27: 13 | C27: =+C15 -> Production | D27: 219.20-24.c | E27: =+'WP6 Rate Base'!Q25 -> 1.9030828e+08 | G27: =+G15 -> NA | H27: =+H15
A28: 14 | C28: Transmission | D28: 219.25.c | E28: =+'WP6 Rate Base'!Q26 -> 43694318 | G28: TPA | H28: =+J162 -> 0.842162 | J28: =+H28*E28 -> 36797694
A29: 15 | C29: Additional Transmission Depr | D29: ="See Workpaper 2 (line 48)" -> See Workpaper 2 (line 48) | E29: ='BHP WP2 Capital Additions'!F57 -> 6449012.2 | G29: TPA | H29: =H28 -> 0.842162 | J29: =+H29*E29 -> 5431113
A30: 16 | C30: Distribution | D30: 219.26.c | E30: =+'WP6 Rate Base'!Q27 -> 1.338049e+08 | G30: NA
A31: 17 | C31: =+C20 -> General & Intangible | D31: See Workpaper 4 (line 24 col 1) | E31: =+'WP6 Rate Base'!Q28 -> 17944745 | G31: =+G20 -> W/S | H31: =+H20 -> 0.12817543 | J31: =+H31*E31 -> 2300075.4
A32: 18 | C32: Allocated Plant | D32: See Workpaper 5 (line 11) | E32: =+'WP6 Rate Base'!Q29 -> 15571481 | G32: =+G21 -> W/S | H32: =+H31 -> 0.12817543 | J32: =+H32*E32 -> 1995881.3
A33: 19 | C33: =+C22 -> Communication System | D33: See Workpaper 4 (line 22 col 2) | E33: =+'WP6 Rate Base'!Q30 -> 2450694.4 | G33: =+G22 -> T&D | H33: =+H22 -> 0.36202519 | J33: =+H33*E33 -> 887213.09
A34: 20 | C34: =+C23 -> Common | D34: 356.1 | E34: =+'WP6 Rate Base'!R31 -> 0 | G34: =+G23 -> CE | H34: =+H23 -> 0 | J34: =+H34*E34 -> 0
A35: 21 | C35: TOTAL ACCUM. DEPRECIATION | D35: ="(sum lines "&A27&" - "&A34&")" -> (sum lines 13 - 20) | E35: =SUM(E27:E34) -> 4.1022343e+08 | J35: =SUM(J27:J34) -> 47411977
A36: 22
A37: 23 | C37: NET PLANT IN SERVICE
A38: 24 | C38: =+C27 -> Production | D38: ="(line "&A15&" - line "&A27&")" -> (line 1 - line 13) | E38: =E15-E27 -> 4.0055342e+08 | G38: Auto
A39: 25 | C39: Transmission | D39: ="(line "&A16&" - line "&A28&")" -> (line 2 - line 14) | E39: =E16-E28 -> 1.4103291e+08 | G39: Auto | J39: =J16-J28 -> 1.2780849e+08
A40: 26 | C40: =+C17 -> New Construction CUS Assets | D40: ="(line "&A17&" - line "&A29&")" -> (line 3 - line 15) | E40: =E17-E29 -> 17888684 | G40: Auto | J40: =J17-J29 -> 16255649
A41: 27 | C41: New Construction CUS Assets | D41: (line 4) | E41: =E18 -> 7000085.7 | G41: Auto | J41: =J18 -> 6237615.4
A42: 28 | C42: Distribution | D42: ="(line "&A19&" - line "&A30&")" -> (line 5 - line 16) | E42: =E19-E30 -> 2.4247254e+08 | G42: Auto
A43: 29 | C43: =+C31 -> General & Intangible | D43: ="(line "&A20&" - line "&A31&")" -> (line 6 - line 17) | E43: =E20-E31 -> 26196922 | G43: Auto | J43: =J20-J31 -> 3357801.8
A44: 30 | C44: Allocated Plant | D44: ="(line "&A21&" - line "&A32&")" -> (line 7 - line 18) | E44: =E21-E32 -> 15854465 | G44: Auto | J44: =J21-J32 -> 2032152.8
A45: 31 | C45: =+C33 -> Communication System | D45: ="(line "&A22&" - line "&A33&")" -> (line 8 - line 19) | E45: =E22-E33 -> 4608272.5 | G45: Auto | J45: =J22-J33 -> 1668310.7
A46: 32 | C46: =+C34 -> Common | D46: ="(line "&A23&" - line "&A34&")" -> (line 9 - line 20) | E46: =E23-E34 -> 0 | G46: Auto | J46: =J23-J34 -> 0
A47: 33 | C47: TOTAL NET PLANT | D47: ="(sum lines "&A38&" - "&A46&")" -> (sum lines 24 - 32) | E47: =E24-E35 -> 8.556073e+08 | G47: NP= | H47: =IF(E47>0,+J47/E47,0) -> 0.18391617 | J47: =SUM(J38:J46) -> 1.5736002e+08
A48: 34
A49: 35 | C49: ADJUSTMENTS TO RATE BASE | D49: (Note A)
A50: 36 | C50: Account No. 281 (enter negative) | D50: 273.8.k | E50: =+'WP6 Rate Base'!F50 -> 0 | G50: =+G27 -> NA | H50: zero | J50: 0
A51: 37 | C51: Account No. 282 (enter negative) | D51: 275.2.k | E51: =+'WP6 Rate Base'!F51 -> -122122002 | G51: NP | H51: =+H47 -> 0.18391617 | J51: -23261841
A52: 38 | C52: Account No. 283 (enter negative) | D52: 277.9.k | E52: =+'WP6 Rate Base'!F52 -> -18129142 | G52: =+G51 -> NP | H52: =H47 -> 0.18391617 | J52: =E52*H52 -> -3334242.4
A53: 39 | C53: Account No. 190 | D53: 234.8.c | E53: =+'WP6 Rate Base'!F53 -> 29587154 | G53: =+G52 -> NP | H53: =+H52 -> 0.18391617 | J53: =E53*H53 -> 5441556.2
A54: 40 | C54: Account No. 255 (enter negative) | D54: 267.8.h | E54: =+'WP6 Rate Base'!F54 -> 0 | G54: =+G53 -> NP | H54: =+H52 -> 0.18391617 | J54: =E54*H54 -> 0
A55: 41 | C55: FAS 109 Adjustment | D55: (232.1.f - 278.1.f - 278.3.f)*.35 | E55: =+'WP6 Rate Base'!F55 -> -96031282 | G55: =+G54 -> NP | H55: =+H54 -> 0.18391617 | J55: =+H55*E55 -> -17661706
A56: 42 | C56: TOTAL ADJUSTMENTS | D56: ="(sum lines "&A50&" - "&A55&")" -> (sum lines 36 - 41) | J56: =SUM(J50:J55) -> -38816234
A57: 43
A58: 44 | C58: LAND HELD FOR FUTURE USE | D58: 214.x.d (Notes B) | E58: 0 | G58: DA | H58: 0 | J58: =+H58*E58 -> 0
A59: 45
A60: 46 | C60: WORKING CAPITAL (Notes C & H)
A61: 47 | C61: CWC | D61: ="(1/8 * line "&A90&")" -> (1/8 * line 63) | E61: =+E90/8 -> 3120156.3 | G61: Auto | J61: =+J90/8 -> 610439.56
A62: 48 | C62: Materials & Supplies | D62: 227.5.c | E62: =+'WP6 Rate Base'!F62 -> 4210110 | G62: T&D | H62: =+J181 -> 0.36202519 | J62: =+H62*E62 -> 1524165.9
A63: 49 | C63: Materials & Supplies | D63: 227.8.c | E63: =+'WP6 Rate Base'!F63 -> 17641 | G63: TP | H63: =+J144 -> 0.891077 | J63: =+H63*E63 -> 15719.489
A64: 50 | C64: Prepayments (Account 165) | D64: 111.57.c | E64: =+'WP6 Rate Base'!F64 -> 3496663.6 | G64: GP | H64: =+H24 -> 0.16176886 | J64: =+H64*E64 -> 565651.3
A65: 51 | C65: TOTAL WORKING CAPITAL | D65: ="(sum lines "&A61&" - "&A64&")" -> (sum lines 47 - 50) | J65: =SUM(J61:J64) -> 2715976.2
A66: 52
A67: 53 | C67: TRANSMISSION RATE BASE | D67: ="(sum lines "&A47&", "&A56&", "&A58&", & "&A65&")" -> (sum lines 33, 42, 44, & 51) | J67: =+J65+J58+J56+J47 -> 1.2125976e+08
I68: Date | J68: =J1 -> 43373
I69: =$I$2 -> Service Year | J69: =$J$2 -> 2019
A71: Cost of Service
A72: Utilizing FERC Form 1 Data
A74: Black Hills Power, Inc.
C75: (1) | D75: (2) | E75: (3) | H75: (4) | J75: (5)
A77: Line | D77: Form No. 1 | G77: =+G10 -> Allocator | J77: Transmission
A78: No. | D78: Page, Line, Col. | E78: Company Total | G78: =+G11 -> (page 4) | J78: (Col 3 times Col 4)
C80: O&M
A81: =+A67+1 -> 54 | C81: Transmission | D81: 321.112.b | E81: 27380676 | G81: TP | H81: =+J144 -> 0.891077 | J81: =+H81*E81 -> 24398291
A82: =+A81+1 -> 55 | C82: Less: Account 565 and 561 | D82: 321.84-92.b & 96.b | E82: 24757158 | G82: =+G81 -> TP | H82: =+H81 -> 0.891077 | J82: =+H82*E82 -> 22060534
A83: =+A82+1 -> 56 | C83: A&G | D83: 323.194.b | E83: 23867589 | G83: W/S | H83: =+H31 -> 0.12817543 | J83: =+H83*E83 -> 3059238.5
A84: =+A83+1 -> 57 | C84: Less FERC Annual Fees (Note D) | D84: 350.1.b | E84: 364051 | G84: W/S | H84: 1 | J84: =+H84*E84 -> 364051
A85: =+A84+1 -> 58 | C85: Plus: Fixed PBOP expense | D85: (Note I) | E85: 227200 | G85: =G83 -> W/S | H85: =H83 -> 0.12817543 | J85: =+H85*E85 -> 29121.458
A86: =+A85+1 -> 59 | C86: Less: Actual PBOP expense | D86: (Company Records) | E86: 212741.24 | G86: =+G85 -> W/S | H86: =+H85 -> 0.12817543 | J86: =+H86*E86 -> 27268.2
A87: =+A86+1 -> 60 | C87: Less: EPRI & Reg. Comm. Exp. & Non-safety Ad. (Note E) | E87: 1180264 | G87: =G83 -> W/S | H87: =H83 -> 0.12817543 | J87: =+H87*E87 -> 151280.85
A88: =+A87+1 -> 61 | C88: Plus Transmission Related Reg. Comm. Exp. (Note E) | D88: (Workpaper 1 line 11) | E88: 0 | G88: =+G81 -> TP | H88: =+H81 -> 0.891077 | J88: =+H88*E88 -> 0
A89: =+A88+1 -> 62 | C89: Common | D89: =+D34 -> 356.1 | E89: 0 | G89: CE | H89: =+H34 -> 0 | J89: =+H89*E89 -> 0
A90: =+A89+1 -> 63 | C90: ="TOTAL O&M (sum lines "&A81&", "&A83&", "&A85&", "&A88&", "&A89&" less lines "&A82&", "&A84&", "&A86&" , "&A87&")" -> TOTAL O&M (sum lines 54, 56, 58, 61, 62 less lines 55, 57, 59 , 60) | E90: =+E81-E82+E83-E84-E87+E89+E88+E85-E86 -> 24961251 | J90: =+J81-J82+J83-J84-J87+J89+J88+J85-J86 -> 4883516.4
A91: =+A90+1 -> 64
A92: =+A91+1 -> 65 | C92: DEPRECIATION EXPENSE (Note I)
A93: =+A92+1 -> 66 | C93: =+C16 -> Transmission | D93: 336.7.b | E93: 3941332.8 | G93: TP | H93: =+J144 -> 0.891077 | J93: =+H93*E93 -> 3512031
A94: =+A93+1 -> 67 | C94: =+C17 -> New Construction CUS Assets | D94: See Workpaper 2 (line 13) | E94: ='BHP WP2 Capital Additions'!F22 -> 564634.56 | G94: TP | H94: =H93 -> 0.891077 | J94: =+H94*E94 -> 503132.87
A95: =+A94+1 -> 68 | C95: =+C18 -> New Construction CUS Assets | D95: See Workpaper 3 (line 23) | E95: ='BHP WP3 Capital Additions'!F27 -> 162401.99 | G95: TP | H95: =H94 -> 0.891077 | J95: =+H95*E95 -> 144712.68
A96: =+A95+1 -> 69 | C96: General & intangible | D96: 336.10.b & 336.1.d&e | E96: 3345749.7 | G96: W/S | H96: =H83 -> 0.12817543 | J96: =+H96*E96 -> 428842.91
A97: =+A96+1 -> 70 | C97: =+C89 -> Common | D97: 336.11.b | E97: 0 | G97: CE | H97: =+H89 -> 0 | J97: =+H97*E97 -> 0
A98: =+A97+1 -> 71 | C98: ="TOTAL DEPRECIATION (Sum lines "&A93&" - "&A97&")" -> TOTAL DEPRECIATION (Sum lines 66 - 70) | E98: =SUM(E93:E97) -> 8014119 | J98: =SUM(J93:J97) -> 4588719.4
A99: =+A98+1 -> 72
A100: =+A99+1 -> 73 | C100: TAXES OTHER THAN INCOME TAXES (Note F)
A101: =+A100+1 -> 74 | C101: LABOR RELATED
A102: =+A101+1 -> 75 | C102: Payroll | D102: 263.3i, 263.4i, 263.12i | E102: 31712 | G102: W/S | H102: =+J176 -> 0.12817543 | J102: =+H102*E102 -> 4064.6992
A103: =+A102+1 -> 76 | C103: Highway and vehicle | D103: 263.i | E103: 0 | G103: =+G102 -> W/S | H103: =+H102 -> 0.12817543 | J103: =+H103*E103 -> 0
A104: =+A103+1 -> 77 | C104: PLANT RELATED
A105: =+A104+1 -> 78 | C105: Property | D105: 263.23i | E105: 7043598 | G105: GP | H105: =+H24 -> 0.16176886 | J105: =+H105*E105 -> 1139434.8
A106: =+A105+1 -> 79 | C106: Gross Receipts | D106: 263.i | E106: 0 | G106: =+G50 -> NA | H106: zero | J106: 0
A107: =+A106+1 -> 80 | C107: Other | D107: =+D106 -> 263.i | E107: 0 | G107: =+G105 -> GP | H107: =+H105 -> 0.16176886 | J107: =+H107*E107 -> 0
A108: =+A107+1 -> 81 | C108: ="TOTAL OTHER TAXES (sum lines "&A102&" - "&A107&")" -> TOTAL OTHER TAXES (sum lines 75 - 80) | E108: =SUM(E102:E107) -> 7075310 | J108: =SUM(J102:J107) -> 1143499.5
...

Sheet BHP WP2 Capital Additions
F1: BHP-11 Page 6
B2: WORKPAPER 2 CAPITAL ADDITIONS BLACK HILLS POWER, INC.
B4: Line
B5: No. | F5: Amount Placed
B6: 1 | C6: Monthly Additions to the CUS System (over $1,000,000) | F6: in Service
B7: =+B6+1 -> 2 | D7: 43070
B8: =+B7+1 -> 3 | D8: 43101
B9: =+B8+1 -> 4 | D9: 43132
B10: =+B9+1 -> 5 | D10: 43160
B11: =+B10+1 -> 6 | D11: 43191
B12: =+B11+1 -> 7 | D12: 43221
B13: =+B12+1 -> 8 | D13: 43252
B14: =+B13+1 -> 9 | D14: 43282 | F14: 14801684
B15: =+B14+1 -> 10 | D15: 43313
B16: =+B15+1 -> 11 | D16: 43344
B17: =+B16+1 -> 12 | D17: 43374
B18: =+B17+1 -> 13 | D18: 43405 | F18: 9536012.2
B19: =+B18+1 -> 14 | D19: 43435
B20: =+B19+1 -> 15 | C20: Total 2018 CUS Transmission Assets Place in Service | F20: =SUM(F7:F18) -> 24337697
B21: =+B20+1 -> 16 | D21: Transmission Plant Depreciation Rate (WP 5 line 11) | F21: ='BHP WP5 Depreciation Rates'!H21 -> 0.0232
B22: =+B21+1 -> 17 | C22: ="Annual Transmisison Depreciation Expense (line "&B20&" x line "&B21&")" -> Annual Transmisison Depreciation Expense (line 15 x line 16) | F22: =+F20*F21 -> 564634.56
B23: =+B22+1 -> 18
B24: =+B23+1 -> 19 | E24: (A) | F24: (Col A * Depr Rate/12)
B25: =+B24+1 -> 20 | E25: Asset Placed | F25: Depreciation
B26: =+B25+1 -> 21 | C26: Transmission Accumulated Depreciation for 2018 & 2019 | E26: in Service | F26: Expense
B27: =+B26+1 -> 22
B28: =+B27+1 -> 23 | D28: Jan-18 - See line 2 col 5 of Estimate | E28: =Estimate!J16+F8 -> 1.6460619e+08 | F28: =(+E28*$F$21)/12 -> 318238.63
B29: =+B28+1 -> 24 | D29: 43132 | E29: =+E28+F9 -> 1.6460619e+08 | F29: =(+E29*$F$21)/12 -> 318238.63
B30: =+B29+1 -> 25 | D30: 43160 | E30: =+E29+F10 -> 1.6460619e+08 | F30: =(+E30*$F$21)/12 -> 318238.63
B31: =+B30+1 -> 26 | D31: 43191 | E31: =+E30+F11 -> 1.6460619e+08 | F31: =(+E31*$F$21)/12 -> 318238.63
B32: =+B31+1 -> 27 | D32: 43221 | E32: =+E31+F12 -> 1.6460619e+08 | F32: =(+E32*$F$21)/12 -> 318238.63
B33: =+B32+1 -> 28 | D33: 43252 | E33: =+E32+F13 -> 1.6460619e+08 | F33: =(+E33*$F$21)/12 -> 318238.63
B34: =+B33+1 -> 29 | D34: 43282 | E34: =+E33+F14 -> 1.7940787e+08 | F34: =(+E34*$F$21)/12 -> 346855.22
B35: =+B34+1 -> 30 | D35: 43313 | E35: =+E34+F15 -> 1.7940787e+08 | F35: =(+E35*$F$21)/12 -> 346855.22
B36: =+B35+1 -> 31 | D36: 43344 | E36: =+E35+F16 -> 1.7940787e+08 | F36: =(+E36*$F$21)/12 -> 346855.22
B37: =+B36+1 -> 32 | D37: 43374 | E37: =+E36+F17 -> 1.7940787e+08 | F37: =(+E37*$F$21)/12 -> 346855.22
B38: =+B37+1 -> 33 | D38: 43405 | E38: =+E37+F18 -> 1.8894388e+08 | F38: =(+E38*$F$21)/12 -> 365291.51
B39: =+B38+1 -> 34 | D39: 43435 | E39: =+E38+F18 -> 1.9847989e+08 | F39: =(+E39*$F$21)/12 -> 383727.8
B40: =+B39+1 -> 35 | D40: Subtotal of 2018 Increase for Accumulated Depreciation | F40: =SUM(F28:F39) -> 4045871.9
B41: =+B40+1 -> 36 | C41: See WP3 for additional information on 2019 Transmission Additions
B42: =+B41+1 -> 37 | D42: 43466 | E42: =+E39+'BHP WP3 Capital Additions'!D10 -> 1.9847989e+08 | F42: =(+E42*$F$21)/12 -> 383727.8
B43: =+B42+1 -> 38 | D43: 43497 | E43: =+E42+'BHP WP3 Capital Additions'!D11 -> 1.9847989e+08 | F43: =(+E43*$F$21)/12 -> 383727.8
B44: =+B43+1 -> 39 | D44: 43525 | E44: =+E43+'BHP WP3 Capital Additions'!D12 -> 1.9847989e+08 | F44: =(+E44*$F$21)/12 -> 383727.8
B45: =+B44+1 -> 40 | D45: 43556 | E45: =+E44+'BHP WP3 Capital Additions'!D13 -> 1.9847989e+08 | F45: =(+E45*$F$21)/12 -> 383727.8
B46: =+B45+1 -> 41 | D46: 43586 | E46: =+E45+'BHP WP3 Capital Additions'!D14 -> 1.9847989e+08 | F46: =(+E46*$F$21)/12 -> 383727.8
B47: =+B46+1 -> 42 | D47: 43617 | E47: =+E46+'BHP WP3 Capital Additions'!D15 -> 1.9847989e+08 | F47: =(+E47*$F$21)/12 -> 383727.8
B48: =+B47+1 -> 43 | D48: 43647 | E48: =+E47+'BHP WP3 Capital Additions'!D16 -> 1.9847989e+08 | F48: =(+E48*$F$21)/12 -> 383727.8
B49: =+B48+1 -> 44 | D49: 43678 | E49: =+E48+'BHP WP3 Capital Additions'!D17 -> 1.9847989e+08 | F49: =(+E49*$F$21)/12 -> 383727.8
B50: =+B49+1 -> 45 | D50: 43709 | E50: =+E49+'BHP WP3 Capital Additions'!D18 -> 1.9847989e+08 | F50: =(+E50*$F$21)/12 -> 383727.8
B51: =+B50+1 -> 46 | D51: 43739 | E51: =+E50+'BHP WP3 Capital Additions'!D19 -> 2.3035669e+08 | F51: =(+E51*$F$21)/12 -> 445356.27
B52: =+B51+1 -> 47 | D52: 43770 | E52: =+E51+'BHP WP3 Capital Additions'!D20 -> 2.3035669e+08 | F52: =(+E52*$F$21)/12 -> 445356.27
B53: =+B52+1 -> 48 | D53: 43800 | E53: =+E52+'BHP WP3 Capital Additions'!D21 -> 2.3897476e+08 | F53: =(+E53*$F$21)/12 -> 462017.87
B54: =+B53+1 -> 49 | D54: ="Subtotal of 2019 Increase for Accumulated Depreciation (lines "&B42&"-"&B53&")" -> Subtotal of 2019 Increase for Accumulated Depreciation (lines 37-48) | F54: =SUM(F42:F53) -> 4806280.6
B55: =+B54+1 -> 50 | D55: ="Average 2019 Impact for rate base consideration (line "&B54&" ÷ 2)" -> Average 2019 Impact for rate base consideration (line 49 ÷ 2) | F55: =+F54/2 -> 2403140.3
B56: =+B55+1 -> 51
B57: =+B56+1 -> 52 | D57: ="Total Accumulated Depreciation for 2018 & 2019 (lines "&B40&" + "&B55&")" -> Total Accumulated Depreciation for 2018 & 2019 (lines 35 + 50) | F57: =+F40+F55 -> 6449012.2
B58: =+B57+1 -> 53
B59: =+B58+1 -> 54 | D59: Note 1: The capital additions in July 2018 (line 9) are for the SRC-West Hill 230 KV Rebuild
D60: Note 2: The capital additions in November 2018 (line 13) are for the West Hill-State Line 230 KV Rebuild
G115: TP | H115: =+J184 -> 0
H116: =+H115 -> 0

Sheet BHP WP3 Capital Additions
F1: BHP-11 Page 7
A2: WORKPAPER 3 CAPITAL ADDITIONS BLACK HILLS POWER, INC.
A3: Line
A4: No.
A5: 1 | B5: 2019 Weighted Average Plant in Service Additions for projects over $1,000,000
A6: 2
A7: 3 | C7: (A) | D7: (B) | E7: (C) | F7: (D) = (B) * (C)/12
A8: 4 | B8: Monthly Incremental Addition to the CUS System | E8: Weighting | F8: Weighted Amount in Service
A9: 5 | C9: 43435 | D9: 0 | E9: 12 | F9: =(+D9*E9)/12 -> 0
A10: 6 | C10: 43466 | E10: 11.5 | F10: =(+D10*E10)/12 -> 0
A11: 7 | C11: 43497 | E11: 10.5 | F11: =(+D11*E11)/12 -> 0
A12: 8 | C12: 43525 | E12: 9.5 | F12: =(+D12*E12)/12 -> 0
A13: 9 | C13: 43556 | E13: 8.5 | F13: =(+D13*E13)/12 -> 0
A14: 10 | C14: 43586 | E14: 7.5 | F14: =(+D14*E14)/12 -> 0
A15: 11 | C15: 43617 | E15: 6.5 | F15: =(+D15*E15)/12 -> 0
A16: 12 | C16: 43647 | E16: 5.5 | F16: =(+D16*E16)/12 -> 0
A17: 13 | C17: 43678 | E17: 4.5 | F17: =(+D17*E17)/12 -> 0
A18: 14 | C18: 43709 | E18: 3.5 | F18: =(+D18*E18)/12 -> 0
A19: 15 | C19: 43739 | D19: 31876799 | E19: 2.5 | F19: =(+D19*E19)/12 -> 6640999.7
A20: 16 | C20: 43770 | E20: 1.5 | F20: =(+D20*E20)/12 -> 0
A21: 17 | C21: 43800 | D21: 8618064.9 | E21: 0.5 | F21: =(+D21*E21)/12 -> 359086.04
A22: 18
A23: 19 | D23: =SUM(D9:D22) -> 40494863 | F23: =SUM(F9:F22) -> 7000085.7
A24: 20
A25: 21 | C25: Transmission Plant Depreciation Rate (WP 5 line 11) | F25: ='BHP WP2 Capital Additions'!F21 -> 0.0232
A26: 22
A27: 23 | C27: Annual Transmission Depreciation Expense (line 19 x line 21) | F27: =+F23*F25 -> 162401.99
A28: 24
A29: 25 | C29: Note 1: The capital additions in October 2019 (line 15) are for the State Line - Stegall 230 KV Rebuild
A30: 26 | C30: Note 2: The capital additions in December 2019 (line 17) are for the West Rapid City 230 KV line
A31: 27 | C31: and the Sagebrush & West Rapid City Substations 230 KV
F109: TP | G109: =+I178 -> 0
G110: =+G109 -> 0

Sheet BHP WP5 Depreciation Rates
I2: BHP-11 Page 8
B3: WORKPAPER 5 DEPRECIATION RATES BLACK HILLS POWER, INC
B9: Line | H9: Rates*
B10: No. | D10: Plant Type | H10: (Note I)
B11: 1
B12: 2 | D12: Transmission Plant
B13: 3
B14: 4 | E14: 350 | F14: Land and Land Rights | H14: 0
B15: 5 | E15: 352 | F15: Structures and Improvements | H15: 0.0239
B16: 6 | E16: 353 | F16: Station Equipment | H16: 0.0266
B17: 7 | E17: 354 | F17: Towers and Fixtures | H17: 0.0204
B18: 8 | E18: 355 | F18: Poles and Fixtures | H18: 0.0222
B19: 9 | E19: 356 | F19: Overhead Conductors and Devices | H19: 0.0204
B20: 10 | E20: 359 | F20: Roads and Trails | H20: 0.0195
B21: 11 | F21: Total Transmission Plant | H21: 0.0232
B22: 12
B23: 13 | D23: General Plant
B24: 14
B25: 15 | E25: 389 | F25: Land and Land Rights | H25: 0
B26: 16 | E26: 390 | F26: Structures and Improvements | H26: 0.0473
B27: 17 | E27: 391 | F27: Office Furniture and Equipment | H27: 0.1056
B28: 18 | E28: 392 | F28: Transportation Equipment | H28: 0.0906
B29: 19 | E29: 393 | F29: Stores Equipment | H29: 0.0423
B30: 20 | E30: 394 | F30: Tools, Shop and Garage Equipment | H30: 0.0423
B31: 21 | E31: 395 | F31: Laboratory Equipment | H31: 0.0306
B32: 22 | E32: 396 | F32: Power Operated Equipment | H32: 0.0423
B33: 23 | E33: 397 | F33: Communication Equipment | H33: 0.0439
B34: 24 | E34: 398 | F34: Miscellaneous Equipment | H34: 0.0581
B35: 25 | F35: Total General Plant | H35: 0.0653
B36: 26
B37: 27 | D37: * The above rates were developed in June 2006. See Note I.

Sheet WP6 Rate Base
R2: =I2 -> 0
A4: Cost of Service | J4: Cost of Service
A5: Utilizing FERC Form 1 Data | J5: Utilizing FERC Form 1 Data
I6: BHP-11 Page 9
A7: Black Hills Power, Inc. | J7: Black Hills Power, Inc.
D10: Form No. 1
A11: Line | D11: Page, Line, Col. | E11: Company Total
A12: No. | C12: RATE BASE: | E12: (a) | F12: (b) | G12: (c) | H12: (d) | I12: (e) | J12: (f) | K12: (g) | L12: (h) | M12: (i) | N12: (j) | O12: (k) | P12: (l) | Q12: (m) | R12: (n)
E13: 42705 | F13: 42736 | G13: 42767 | H13: 42795 | I13: 42826 | J13: 42856 | K13: 42887 | L13: 42917 | M13: 42948 | N13: 42979 | O13: 43009 | P13: 43040 | Q13: 43070 | R13: 13 month average
C14: GROSS PLANT IN SERVICE (101 & 106) | D14: (Note H) **
A15: 1 | C15: Production | D15: 205.46.g | E15: 5.8037183e+08 | F15: 5.8097109e+08 | G15: 5.826898e+08 | H15: 5.8219844e+08 | I15: 5.8210014e+08 | J15: 5.8694482e+08 | K15: 5.9138251e+08 | L15: 5.9187731e+08 | M15: 5.9266198e+08 | N15: 5.9264738e+08 | O15: 5.9348946e+08 | P15: 5.9209148e+08 | Q15: 5.9086169e+08 | R15: =AVERAGE(E15:Q15) -> 5.8771446e+08
A16: =+A15+1 -> 2 | C16: Transmission | D16: 207.58.g | E16: 1.4739769e+08 | F16: 1.4831109e+08 | G16: 1.4748367e+08 | H16: 1.4722251e+08 | I16: 1.4723281e+08 | J16: 1.8235811e+08 | K16: 1.8333469e+08 | L16: 1.8355841e+08 | M16: 1.8378282e+08 | N16: 1.8413453e+08 | O16: 1.8431722e+08 | P16: 1.8464466e+08 | Q16: 184727230 | R16: =AVERAGE(E16:Q16) -> 1.6988503e+08
A17: =+A16+1 -> 3 | C17: Distribution | D17: 207.75.g | E17: 3.6430287e+08 | F17: 3.6402586e+08 | G17: 3.6423919e+08 | H17: 3.6473853e+08 | I17: 3.6530379e+08 | J17: 3.6588931e+08 | K17: 3.662602e+08 | L17: 3.6678976e+08 | M17: 3.6820543e+08 | N17: 3.6877806e+08 | O17: 3.7155906e+08 | P17: 3.727365e+08 | Q17: 376277440 | R17: =AVERAGE(E17:Q17) -> 3.6762354e+08
A18: =+A17+1 -> 4 | C18: General & Intangible | D18: 207.99.g - line 6 | E18: 44336918 | F18: 44283011 | G18: 44354902 | H18: 44456652 | I18: 44224255 | J18: 43395041 | K18: 43319463 | L18: 43245129 | M18: 43217848 | N18: 43198312 | O18: 43765385 | P18: 46081023 | Q18: 44141667 | R18: =AVERAGE(E18:Q18) -> 44001508
A19: =+A18+1 -> 5 | C19: Allocated Plant | D19: 201.13.e + 201.13.f | E19: 31383081 | F19: 28067711 | G19: 29499382 | H19: 29162168 | I19: 29603164 | J19: 29590233 | K19: 29544673 | L19: 29813514 | M19: 29634760 | N19: 29541830 | O19: 29756466 | P19: 31078508 | Q19: 31425946 | R19: =AVERAGE(E19:Q19) -> 29853957
A20: =+A19+1 -> 6 | C20: Communication System | D20: 207.94.g | E20: 7247023 | F20: 7246017.2 | G20: 7246017.2 | H20: 7294121.7 | I20: 7294043.6 | J20: 7247585.2 | K20: 7232639.8 | L20: 7232639.8 | M20: 7232639.8 | N20: 7232639.8 | O20: 7232639.8 | P20: 7259164.3 | Q20: 7058966.9 | R20: =AVERAGE(E20:Q20) -> 7235087.6
A21: =+A20+1 -> 7 | C21: Common | D21: 356.1 | Q21: 0 | R21: =AVERAGE(E21:Q21) -> 0
A22: =+A21+1 -> 8 | C22: TOTAL GROSS PLANT | D22: ="(sum lines "&A15&" - "&A21&")" -> (sum lines 1 - 7) | E22: =SUM(E15:E21) -> 1.1750394e+09 | F22: =SUM(F15:F21) -> 1.1729048e+09 | G22: =SUM(G15:G21) -> 1.175513e+09 | H22: =SUM(H15:H21) -> 1.1750724e+09 | I22: =SUM(I15:I21) -> 1.1757582e+09 | J22: =SUM(J15:J21) -> 1.2154251e+09 | K22: =SUM(K15:K21) -> 1.2210742e+09 | L22: =SUM(L15:L21) -> 1.2225168e+09 | ... R22: =SUM(R15:R21) -> 1.2063136e+09
A23: =+A22+1 -> 9
A24: =+A23+1 -> 10 | C24: ACCUMULATED DEPRECIATION (108) | D24: (Note H) **
A25: =+A24+1 -> 11 | C25: =+C15 -> Production | D25: 219.20-24.c | E25: 1.7959543e+08 | F25: 1.797078e+08 | G25: 1.8099159e+08 | H25: 1.8149268e+08 | I25: 1.8263623e+08 | J25: 1.838633e+08 | K25: 1.8517083e+08 | L25: 1.8650897e+08 | M25: 1.8792514e+08 | N25: 1.8910307e+08 | O25: 1.904852e+08 | P25: 1.9068005e+08 | Q25: 1.9030828e+08 | R25: =AVERAGE(E25:Q25) -> 1.8526681e+08
A26: =+A25+1 -> 12 | C26: Transmission | D26: 219.25.c | E26: 40071560 | F26: 40353417 | G26: 40610890 | H26: 40868106 | I26: 41127361 | J26: 41416744 | K26: 41743388 | L26: 42066035 | M26: 42402520 | N26: 42727387 | O26: 43056493 | P26: 43344935 | Q26: 43694318 | R26: =AVERAGE(E26:Q26) -> 41806397
A27: =+A26+1 -> 13 | C27: Distribution | D27: 219.26.c | E27: 1.2624315e+08 | F27: 1.2695051e+08 | G27: 1.2764673e+08 | H27: 1.2827609e+08 | I27: 1.2894317e+08 | J27: 1.2958884e+08 | K27: 1.3023193e+08 | L27: 1.308502e+08 | M27: 1.3156454e+08 | N27: 1.3223287e+08 | O27: 1.3265602e+08 | P27: 1.3303779e+08 | Q27: 1.338049e+08 | R27: =AVERAGE(E27:Q27) -> 1.301559e+08
A28: =+A27+1 -> 14 | C28: =+C18 -> General & Intangible | D28: See Workpaper 9 (column b) | E28: 17685961 | F28: 17829204 | G28: 17966338 | H28: 18104476 | I28: 18205189 | J28: 17588306 | K28: 17576037 | L28: 17647419 | M28: 17735015 | N28: 17844497 | O28: 17972980 | P28: 18079192 | Q28: 17944745 | R28: =AVERAGE(E28:Q28) -> 17859951
A29: =+A28+1 -> 15 | C29: Allocated Plant | D29: 201.14.e + 201.14.f | E29: 15540367 | F29: 12970400 | G29: 13681664 | H29: 13767738 | I29: 14314075 | J29: 14444061 | K29: 14581285 | L29: 14769923 | M29: 14925564 | N29: 14803893 | O29: 14917092 | P29: 15641088 | Q29: 15571481 | R29: =AVERAGE(E29:Q29) -> 14609895
A30: =+A29+1 -> 16 | C30: =+C20 -> Communication System | D30: See Workpaper 9 (column c) | E30: 2261649.2 | F30: 2295356.5 | G30: 2329061.6 | H30: 2362867 | I30: 2396772.5 | J30: 2430581 | K30: 2449308.4 | L30: 2482942.1 | M30: 2516575.9 | N30: 2550209.6 | O30: 2583843.4 | P30: 2617534.8 | Q30: 2450694.4 | R30: =AVERAGE(E30:Q30) -> 2440568.9
A31: =+A30+1 -> 17 | C31: =+C21 -> Common | D31: 356.1 | Q31: 0 | R31: =AVERAGE(E31:Q31) -> 0
A32: =+A31+1 -> 18 | C32: TOTAL ACCUM. DEPRECIATION | D32: ="(sum lines "&A25&" - "&A31&")" -> (sum lines 11 - 17) | E32: =SUM(E25:E31) -> 3.8139812e+08 | F32: =SUM(F25:F31) -> 3.8010668e+08 | G32: =SUM(G25:G31) -> 3.8322627e+08 | H32: =SUM(H25:H31) -> 3.8487195e+08 | I32: =SUM(I25:I31) -> 3.876228e+08 | J32: =SUM(J25:J31) -> 3.8933183e+08 | K32: =SUM(K25:K31) -> 3.9175278e+08 | L32: =SUM(L25:L31) -> 3.9432548e+08 | ... R32: =SUM(R25:R31) -> 3.9213953e+08
A33: =+A32+1 -> 19
A34: =+A33+1 -> 20 | C34: NET PLANT IN SERVICE | D34: (Note H) **
A35: =+A34+1 -> 21 | C35: =+C25 -> Production | D35: ="(line "&A15&" - line "&A25&")" -> (line 1 - line 11) | E35: =+E15-E25 -> 4.007764e+08 | F35: =+F15-F25 -> 4.0126329e+08 | G35: =+G15-G25 -> 4.0169821e+08 | H35: =+H15-H25 -> 4.0070576e+08 | I35: =+I15-I25 -> 3.994639e+08 | J35: =+J15-J25 -> 4.0308152e+08 | K35: =+K15-K25 -> 4.0621167e+08 | L35: =+L15-L25 -> 4.0536834e+08 | ... Q35: =+Q15-Q25 -> 4.0055342e+08 | R35: =R15-R25 -> 4.0244764e+08
A36: =+A35+1 -> 22 | C36: Transmission | D36: ="(line "&A16&" - line "&A26&")" -> (line 2 - line 12) | E36: =+E16-E26 -> 1.0732613e+08 | F36: =+F16-F26 -> 1.0795767e+08 | G36: =+G16-G26 -> 1.0687278e+08 | H36: =+H16-H26 -> 1.063544e+08 | I36: =+I16-I26 -> 1.0610545e+08 | J36: =+J16-J26 -> 1.4094136e+08 | K36: =+K16-K26 -> 1.415913e+08 | L36: =+L16-L26 -> 1.4149238e+08 | ... Q36: =+Q16-Q26 -> 1.4103291e+08 | R36: =R16-R26 -> 1.2807864e+08
A37: =+A36+1 -> 23 | C37: Distribution | D37: ="(line "&A17&" - line "&A27&")" -> (line 3 - line 13) | E37: =+E17-E27 -> 2.3805971e+08 | F37: =+F17-F27 -> 2.3707535e+08 | G37: =+G17-G27 -> 2.3659246e+08 | H37: =+H17-H27 -> 2.3646244e+08 | I37: =+I17-I27 -> 2.3636062e+08 | J37: =+J17-J27 -> 2.3630046e+08 | K37: =+K17-K27 -> 2.3602827e+08 | L37: =+L17-L27 -> 2.3593956e+08 | ... Q37: =+Q17-Q27 -> 2.4247254e+08 | R37: =R17-R27 -> 2.3746763e+08
A38: =+A37+1 -> 24 | C38: =+C28 -> General & Intangible | D38: ="(line "&A18&" - line "&A28&")" -> (line 4 - line 14) | E38: =+E18-E28 -> 26650957 | F38: =+F18-F28 -> 26453807 | G38: =+G18-G28 -> 26388564 | H38: =+H18-H28 -> 26352176 | I38: =+I18-I28 -> 26019066 | J38: =+J18-J28 -> 25806735 | K38: =+K18-K28 -> 25743425 | L38: =+L18-L28 -> 25597711 | ... Q38: =+Q18-Q28 -> 26196922 | R38: =R18-R28 -> 26141558
A39: =+A38+1 -> 25 | C39: Allocated Plant | D39: ="(line "&A19&" - line "&A29&")" -> (line 5 - line 15) | E39: =+E19-E29 -> 15842714 | F39: =+F19-F29 -> 15097311 | G39: =+G19-G29 -> 15817718 | H39: =+H19-H29 -> 15394431 | I39: =+I19-I29 -> 15289089 | J39: =+J19-J29 -> 15146173 | K39: =+K19-K29 -> 14963388 | L39: =+L19-L29 -> 15043591 | ... Q39: =+Q19-Q29 -> 15854465 | R39: =R19-R29 -> 15244062
A40: =+A39+1 -> 26 | C40: =+C30 -> Communication System | D40: ="(line "&A20&" - line "&A30&")" -> (line 6 - line 16) | E40: =+E20-E30 -> 4985373.8 | F40: =+F20-F30 -> 4950660.8 | G40: =+G20-G30 -> 4916955.6 | H40: =+H20-H30 -> 4931254.7 | I40: =+I20-I30 -> 4897271.2 | J40: =+J20-J30 -> 4817004.2 | K40: =+K20-K30 -> 4783331.5 | L40: =+L20-L30 -> 4749697.7 | ... Q40: =+Q20-Q30 -> 4608272.5 | R40: =R20-R30 -> 4794518.6
A41: =+A40+1 -> 27 | C41: =+C31 -> Common | D41: ="(line "&A21&" - line "&A31&")" -> (line 7 - line 17) | E41: =+E21-E31 -> 0 | F41: =+F21-F31 -> 0 | G41: =+G21-G31 -> 0 | H41: =+H21-H31 -> 0 | I41: =+I21-I31 -> 0 | J41: =+J21-J31 -> 0 | K41: =+K21-K31 -> 0 | L41: =+L21-L31 -> 0 | ... Q41: =+Q21-Q31 -> 0 | R41: =R21-R31 -> 0
A42: =+A41+1 -> 28 | C42: TOTAL NET PLANT | D42: ="(sum lines "&A35&" - "&A41&")" -> (sum lines 21 - 27) | E42: =SUM(E35:E41) -> 7.9364128e+08 | F42: =SUM(F35:F41) -> 7.9279809e+08 | G42: =SUM(G35:G41) -> 7.9228669e+08 | H42: =SUM(H35:H41) -> 7.9020046e+08 | I42: =SUM(I35:I41) -> 7.881354e+08 | J42: =SUM(J35:J41) -> 8.2609326e+08 | K42: =SUM(K35:K41) -> 8.2932139e+08 | L42: =SUM(L35:L41) -> 8.2819128e+08 | ... R42: =SUM(R35:R41) -> 8.1417405e+08
C44: ** Columns a and m use the FERC Form 1 balance except where otherwise referenced. Columns b through l are the Company's FERC account balances.
C45: 1 Communication System Accumulated Depreciation based on Communication System Plant in Service share of General & Intangible Accumulated Depreciation.
E47: 12/31/16 & 12/31/17 average balance
A48: =+A42+1 -> 29 | E48: (a) | F48: (b) | G48: (c)
A49: =+A48+1 -> 30 | C49: ADJUSTMENTS TO RATE BASE (Notes A & H) | E49: 42705 | F49: 43070 | G49: Average Balance
A50: =+A49+1 -> 31 | C50: Account No. 281 (enter negative) | D50: 113.62.c | E50: 0 | F50: 0 | G50: =(+E50+F50)/2 -> 0
A51: =+A50+1 -> 32 | C51: Account No. 282 (enter negative) | D51: 113.63.c | E51: -192842703 | F51: -122122002 | G51: =(+E51+F51)/2 -> -1.5748235e+08
A52: =+A51+1 -> 33 | C52: Account No. 283 (enter negative) | D52: 113.64.c | E52: -34384010 | F52: -18129142 | G52: =(+E52+F52)/2 -> -26256576
A53: =+A52+1 -> 34 | C53: Account No. 190 | D53: 111.82.c | E53: 15707242 | F53: 29587154 | G53: =(+E53+F53)/2 -> 22647198 | I53: 42705 | J53: 43070 | K53: Average Balance
A54: =+A53+1 -> 35 | C54: Account No. 255 (enter negative) | D54: 113.57.c | E54: 0 | G54: =(+E54+F54)/2 -> 0 | H54: 254015 | I54: 0 | J54: -97101164 | K54: -48550582
A55: =+A54+1 -> 36 | C55: FAS 109 Adjustment | D55: (232.1.f - 278.3.f)*.35 | E55: =9367358*0.35 -> 3278575.3 | F55: =(5094675*0.21)+J54 -> -96031282 | G55: =(+E55+F55)/2 -> -46376353
A56: =+A55+1 -> 37 | C56: TOTAL ADJUSTMENTS | D56: ="(sum lines "&A50&" - "&A55&")" -> (sum lines 31 - 36) | E56: =SUM(E50:E55) -> -2.082409e+08 | F56: =SUM(F50:F55) -> -2.0669527e+08 | G56: =SUM(G50:G55) -> -2.0746808e+08
A57: =+A56+1 -> 38
A58: =+A57+1 -> 39 | C58: LAND HELD FOR FUTURE USE | D58: 214.x.d (Notes B & H) | G58: =(+E58+F58)/2 -> 0
A59: =+A58+1 -> 40
A60: =+A59+1 -> 41 | C60: WORKING CAPITAL EXCLUDING CASH WORKING CAPITAL (Notes C & H)
A61: =+A60+1 -> 42
A62: =+A61+1 -> 43 | C62: Materials & Supplies | D62: 227.5.c | E62: 4978503 | F62: 4210110 | G62: =(+E62+F62)/2 -> 4594306.5
A63: =+A62+1 -> 44 | C63: Materials & Supplies | D63: 227.8.c | E63: 19059 | F63: 17641 | G63: =(+E63+F63)/2 -> 18350
A64: =+A63+1 -> 45 | C64: Prepayments (Account 165) | D64: 111.57.c | E64: 3523967 | F64: 3496663.6 | G64: =(+E64+F64)/2 -> 3510315.3
A65: =+A64+1 -> 46 | C65: TOTAL WORKING CAPITAL | D65: ="(sum lines "&A61&" - "&A64&")" -> (sum lines 42 - 45) | E65: =SUM(E62:E64) -> 8521529 | F65: =SUM(F62:F64) -> 7724414.6 | G65: =SUM(G62:G64) -> 8122971.8

Sheet WP7 CU AC LOADS
J2: BHP-11 Page 11
A3: Joint Tariff Rates
A4: Common Use AC Facilities
A6: Line | D6: 2017 Actual Load Data1
A7: No.
A8: 1 | D8: BHP | E8: BASIN | F8: SD | G8: CITY OF | H8: FIRM | I8: CHEYENNE | J8: TOTAL
A9: =A8+1 -> 2 | D9: TOTAL | E9: TOTAL | F9: WEST | G9: GILLETTE | H9: POINT TO POINT | I9: LIGHT CUS | J9: COMMON USE
A10: =A9+1 -> 3 | D10: LOAD | E10: LOAD | F10: LOAD | G10: LOAD | H10: LOAD | I10: LOAD | J10: AC LOAD
A11: =A10+1 -> 4 | B11: January | D11: 284 | E11: 383 | F11: 2 | G11: 56 | H11: 260 | I11: 80 | J11: =SUM(D11:I11) -> 1065
A12: =A11+1 -> 5 | B12: February | D12: 292 | E12: 352 | F12: 2 | G12: 52 | H12: 260 | I12: 80 | J12: =SUM(D12:I12) -> 1038
A13: =A12+1 -> 6 | B13: March | D13: 269 | E13: 327 | F13: 2 | G13: 47 | H13: 260 | I13: 80 | J13: =SUM(D13:I13) -> 985
A14: =A13+1 -> 7 | B14: April | D14: 250 | E14: 294 | F14: 3 | G14: 42 | H14: 260 | I14: 80 | J14: =SUM(D14:I14) -> 929
A15: =A14+1 -> 8 | B15: May | D15: 231 | E15: 253 | F15: 3 | G15: 39 | H15: 260 | I15: 80 | J15: =SUM(D15:I15) -> 866
A16: =A15+1 -> 9 | B16: June | D16: 317 | E16: 268 | F16: 3 | G16: 59 | H16: 260 | I16: 80 | J16: =SUM(D16:I16) -> 987
A17: =A16+1 -> 10 | B17: July | D17: 357 | E17: 304 | F17: 3 | G17: 76 | H17: 260 | I17: 80 | J17: =SUM(D17:I17) -> 1080
A18: =A17+1 -> 11 | B18: August | D18: 290 | E18: 270 | F18: 3 | G18: 55 | H18: 260 | I18: 80 | J18: =SUM(D18:I18) -> 958
A19: =A18+1 -> 12 | B19: September | D19: 307 | E19: 273 | F19: 4 | G19: 66 | H19: 260 | I19: 80 | J19: =SUM(D19:I19) -> 990
A20: =A19+1 -> 13 | B20: October | D20: 227 | E20: 260 | F20: 3 | G20: 38 | H20: 260 | I20: 80 | J20: =SUM(D20:I20) -> 868
A21: =A20+1 -> 14 | B21: November | D21: 223 | E21: 320 | F21: 2 | G21: 38 | H21: 260 | I21: 80 | J21: =SUM(D21:I21) -> 923
A22: =A21+1 -> 15 | B22: December | D22: 295 | E22: 348 | F22: 2 | G22: 52 | H22: 260 | I22: 80 | J22: =SUM(D22:I22) -> 1037
A23: =A22+1 -> 16
A24: =A23+1 -> 17 | B24: ANNUAL AVERAGE MW | D24: =SUM(D11:D22)/12 -> 278.5 | E24: =SUM(E11:E22)/12 -> 304.33333 | F24: =SUM(F11:F22)/12 -> 2.6666667 | G24: =SUM(G11:G22)/12 -> 51.666667 | H24: =SUM(H11:H22)/12 -> 260 | I24: =SUM(I11:I22)/12 -> 80 | J24: =SUM(J11:J22)/12 -> 977.16667
A25: =A24+1 -> 18
A26: =A25+1 -> 19 | D26: 2019 Projected Load Data2
A27: =A26+1 -> 20
A28: =A27+1 -> 21 | D28: BHP | E28: BASIN | F28: SD | G28: CITY OF | H28: FIRM | I28: CHEYENNE | J28: TOTAL
A29: =A28+1 -> 22 | D29: TOTAL | E29: TOTAL | F29: WEST | G29: GILLETTE | H29: POINT TO POINT | I29: LIGHT CUS | J29: COMMON USE
A30: =A29+1 -> 23 | D30: LOAD | E30: LOAD | F30: LOAD | G30: LOAD | H30: LOAD | I30: LOAD | J30: AC LOAD
A31: =A30+1 -> 24 | B31: January | D31: 308 | E31: 350 | F31: 2 | G31: 57 | H31: 255 | I31: 80 | J31: =SUM(D31:I31) -> 1052
A32: =A31+1 -> 25 | B32: February | D32: 282 | E32: 327 | F32: 3 | G32: 53 | H32: 255 | I32: 80 | J32: =SUM(D32:I32) -> 1000
A33: =A32+1 -> 26 | B33: March | D33: 247 | E33: 324 | F33: 2 | G33: 45 | H33: 255 | I33: 80 | J33: =SUM(D33:I33) -> 953
A34: =A33+1 -> 27 | B34: April | D34: 252 | E34: 293 | F34: 3 | G34: 43 | H34: 255 | I34: 80 | J34: =SUM(D34:I34) -> 926
A35: =A34+1 -> 28 | B35: May | D35: 302 | E35: 234 | F35: 3 | G35: 45 | H35: 255 | I35: 80 | J35: =SUM(D35:I35) -> 919
A36: =A35+1 -> 29 | B36: June | D36: 325 | E36: 257 | F36: 3 | G36: 65 | H36: 255 | I36: 80 | J36: =SUM(D36:I36) -> 985
A37: =A36+1 -> 30 | B37: July | D37: 355 | E37: 243 | F37: 4 | G37: 76 | H37: 255 | I37: 80 | J37: =SUM(D37:I37) -> 1013
A38: =A37+1 -> 31 | B38: August | D38: 356 | E38: 257 | F38: 4 | G38: 65 | H38: 255 | I38: 80 | J38: =SUM(D38:I38) -> 1017
A39: =A38+1 -> 32 | B39: September | D39: 262 | E39: 260 | F39: 3 | G39: 59 | H39: 255 | I39: 80 | J39: =SUM(D39:I39) -> 919
A40: =A39+1 -> 33 | B40: October | D40: 249 | E40: 247 | F40: 3 | G40: 40 | H40: 255 | I40: 80 | J40: =SUM(D40:I40) -> 874
A41: =A40+1 -> 34 | B41: November | D41: 223 | E41: 304 | F41: 2 | G41: 42 | H41: 255 | I41: 80 | J41: =SUM(D41:I41) -> 906
A42: =A41+1 -> 35 | B42: December | D42: 318 | E42: 331 | F42: 2 | G42: 55 | H42: 255 | I42: 80 | J42: =SUM(D42:I42) -> 1041
A43: =A42+1 -> 36
A44: =A43+1 -> 37 | B44: ANNUAL AVERAGE MW | D44: =SUM(D31:D42)/12 -> 289.91667 | E44: =SUM(E31:E42)/12 -> 285.58333 | F44: =SUM(F31:F42)/12 -> 2.8333333 | G44: =SUM(G31:G42)/12 -> 53.75 | H44: =SUM(H31:H42)/12 -> 255 | I44: =SUM(I31:I42)/12 -> 80 | J44: =SUM(J31:J42)/12 -> 967.08333
A45: =A44+1 -> 38
A46: =A45+1 -> 39 | B46: 1 - Transmission actual load from OATI
A47: =A46+1 -> 40 | B47: 2 - Transmission projected load from Transmission Planning
H114: TP | I114: =+K183 -> 0
I115: =+I114 -> 0
I128: =+I6 -> 0 | J128: =+J6 -> 0
I206: =I6 -> 0 | J206: =+J6 -> 0
